3046 views
Uploaded 2020-06-03 01:34:42
Game version 1.32.6 / 1.32.7
30:43 long 1on1 ladder game on (2)BrightwaterOasis
Saved by BEARAND
3046 views
Uploaded 2020-06-03 01:34:42
Game version 1.32.6 / 1.32.7
30:43 long 1on1 ladder game on (2)BrightwaterOasis

32 units @ 5.8k
/ 0.6k
23 buildings @ 3.6k
/ 1.4k

| Healing Salve | 1 | 100 |
| Lesser Clarity Potion | 1 | 70 |
| Potion of Mana | 1 | 200 |
| Orb of Lightning | 1 | 375 |
| total: | 4 | 745g |
| Peon | 7 | 525 | / | 0 |
| Grunt | 15 | 3000 | / | 0 |
| Troll Headhunter | 1 | 140 | / | 20 |
| Demolisher | 6 | 1320 | / | 300 |
| Goblin Sapper | 1 | 215 | / | 100 |
| Goblin Shredder | 1 | 375 | / | 100 |
| Goblin Zeppelin | 1 | 240 | / | 60 |
| total: | 32 | 5815g | / | 580w |
| Watch Tower | 8 | 880 | / | 640 |
| Orc Burrow | 8 | 1280 | / | 320 |
| Altar of Storms | 2 | 360 | / | 100 |
| Barracks | 2 | 360 | / | 100 |
| War Mill | 1 | 205 | / | 0 |
| Voodoo Lounge | 1 | 130 | / | 30 |
| Great Hall | 1 | 385 | / | 185 |
| Stronghold | 1 | 315 | / | 190 |
| Fortress | 1 | 325 | / | 190 |
| total: | 23 | 3600g | / | 1375w |
| 0:04 | Orc Burrow |
| 0:09 | Altar of Storms |
| 0:10 | Peon |
| 0:10 | Peon |
| 0:35 | Barracks |
| 0:46 | Peon |
| 0:55 | Peon |
| 1:13 | Peon |
| 1:37 | Orc Burrow |
| 1:41 | Grunt |
| 2:00 | Peon |
| 2:10 | War Mill |
| 2:23 | Serpent Ward |
| 2:29 | Grunt |
| 3:13 | Grunt |
| 3:13 | Grunt |
| 3:24 | Voodoo Lounge |
| 3:47 | Grunt |
| 3:57 | Orc Burrow |
| 4:27 | Steel Armor |
| 4:34 | Watch Tower |
| 4:35 | Healing Salve |
| 4:38 | Healing Wave |
| 4:54 | Orc Burrow |
| 5:01 | Troll Headhunter |
| 5:31 | Stronghold |
| 5:43 | Watch Tower |
| 6:46 | Healing Wave |
| 6:52 | Orc Burrow |
| 6:53 | Grunt |
| 6:53 | Grunt |
| 6:59 | Watch Tower |
| 7:09 | Lesser Clarity Potion |
| 7:31 | Steel Melee Weapons |
| 8:15 | Watch Tower |
| 8:22 | Berserker Strength |
| 8:30 | Peon |
| 8:49 | Spiked Barricades |
| 9:04 | Grunt |
| 9:05 | Grunt |
| 10:45 | Grunt |
| 10:45 | Grunt |
| 10:47 | Barracks |
| 10:50 | Fortress |
| 11:17 | Potion of Mana |
| 11:30 | Thorium Melee Weapons |
| 11:47 | Demolisher |
| 12:24 | Demolisher |
| 12:29 | Orc Burrow |
| 13:05 | Hex |
| 13:21 | Orc Burrow |
| 13:23 | Demolisher |
| 14:24 | Orc Burrow |
| 14:31 | Thorium Armor |
| 15:28 | Burning Oil |
| 16:20 | Demolisher |
| 17:28 | Demolisher |
| 19:12 | Grunt |
| 19:12 | Grunt |
| 19:47 | Great Hall |
| 20:02 | Demolisher |
| 20:16 | Orb of Lightning |
| 21:22 | Goblin Sapper |
| 21:28 | Goblin Shredder |
| 21:30 | Goblin Zeppelin |
| 22:47 | Watch Tower |
| 23:59 | Watch Tower |
| 25:20 | Grunt |
| 25:20 | Grunt |
| 26:19 | Watch Tower |
| 27:13 | Watch Tower |
| 27:21 | Altar of Storms |
| Right click | 518 |
| Select | 309 |
| Chat | 86 |
| Build/train/purchase | 57 |
| Select group | 54 |
| Use ability | 47 |
| Misc. action | 33 |
| Assign group | 7 |
18 units @ 2k
/ 0.2k
101 buildings @ 4.5k
/ 2.5k



| Scroll of Regeneration | 2 | 200 |
| Potion of Healing | 3 | 450 |
| Lesser Clarity Potion | 3 | 210 |
| Orb of Fire | 2 | 650 |
| Staff of Sanctuary | 3 | 750 |
| Staff of Teleportation | 3 | 450 |
| Boots of Speed | 3 | 750 |
| total: | 19 | 3460g |
| Peasant | 14 | 1050 | / | 0 |
| Priest | 1 | 135 | / | 10 |
| Sorceress | 1 | 155 | / | 20 |
| Goblin Shredder | 1 | 375 | / | 100 |
| Goblin Zeppelin | 1 | 240 | / | 60 |
| total: | 18 | 1955g | / | 190w |
| Scout Tower | 89 | 2670 | / | 1780 |
| Arcane Tower | 8 | 560 | / | 400 |
| Guard Tower | 54 | 3780 | / | 2700 |
| Altar of Kings | 1 | 180 | / | 50 |
| Farm | 5 | 400 | / | 100 |
| Lumber Mill | 1 | 120 | / | 0 |
| Arcane Vault | 2 | 260 | / | 60 |
| Town Hall | 2 | 770 | / | 410 |
| Arcane Sanctum | 1 | 150 | / | 140 |
| Keep | 1 | 320 | / | 210 |
| Castle | 1 | 360 | / | 210 |
| total: | 101 | 4550g | / | 2540w |
| 0:02 | Peasant |
| 0:02 | Peasant |
| 0:07 | Altar of Kings |
| 0:18 | Farm |
| 0:20 | Peasant |
| 0:22 | Peasant |
| 0:40 | Peasant |
| 0:59 | Scout Tower |
| 1:01 | Peasant |
| 1:07 | Peasant |
| 1:28 | Lumber Mill |
| 1:34 | Farm |
| 1:37 | Arcane Tower |
| 1:38 | Scout Tower |
| 1:43 | Arcane Vault |
| 1:45 | Peasant |
| 1:46 | Peasant |
| 1:57 | Peasant |
| 2:07 | Blizzard |
| 2:31 | Guard Tower |
| 2:33 | Scout Tower |
| 2:33 | Scout Tower |
| 3:05 | Peasant |
| 3:06 | Peasant |
| 3:06 | Peasant |
| 3:21 | Brilliance Aura |
| 3:32 | Peasant |
| 3:49 | Guard Tower |
| 4:04 | Keep |
| 4:05 | Guard Tower |
| 4:29 | Scout Tower |
| 4:30 | Scout Tower |
| 4:33 | Farm |
| 4:33 | Farm |
| 4:35 | Improved Masonry |
| 5:17 | Goblin Shredder |
| 5:25 | Guard Tower |
| 5:26 | Guard Tower |
| 5:27 | Scout Tower |
| 5:28 | Scout Tower |
| 5:38 | Scroll of Regeneration |
| 5:56 | Guard Tower |
| 6:04 | Scout Tower |
| 6:05 | Scout Tower |
| 6:33 | Blizzard |
| 6:42 | Town Hall |
| 6:50 | Scout Tower |
| 6:50 | Scout Tower |
| 6:51 | Scout Tower |
| 6:52 | Scout Tower |
| 6:52 | Scout Tower |
| 6:53 | Scout Tower |
| 6:54 | Scout Tower |
| 6:54 | Scout Tower |
| 7:07 | Staff of Teleportation |
| 7:07 | Boots of Speed |
| 7:15 | Arcane Tower |
| 7:19 | Guard Tower |
| 7:48 | Scout Tower |
| 7:49 | Scout Tower |
| 7:56 | Guard Tower |
| 7:56 | Guard Tower |
| 8:26 | Guard Tower |
| 8:28 | Scout Tower |
| 8:28 | Scout Tower |
| 8:29 | Scout Tower |
| 8:29 | Scout Tower |
| 8:38 | Arcane Sanctum |
| 8:52 | Castle |
| 8:54 | Potion of Healing |
| 8:56 | Potion of Healing |
| 8:59 | Lesser Clarity Potion |
| 9:02 | Guard Tower |
| 9:09 | Storm Bolt |
| 9:37 | Guard Tower |
| 9:37 | Guard Tower |
| 9:40 | Farm |
| 9:51 | Guard Tower |
| 9:53 | Scout Tower |
| 9:53 | Scout Tower |
| 9:54 | Scout Tower |
| 9:54 | Scout Tower |
| 9:55 | Scout Tower |
| 9:56 | Scout Tower |
| 9:56 | Scout Tower |
| 10:37 | Priest |
| 10:37 | Magic Sentry |
| 10:38 | Sorceress Adept Training |
| 10:39 | Sorceress |
| 10:41 | Scroll of Regeneration |
| 10:44 | Lesser Clarity Potion |
| 10:47 | Potion of Healing |
| 10:58 | Guard Tower |
| 10:58 | Guard Tower |
| 11:04 | Scout Tower |
| 11:04 | Scout Tower |
| 11:05 | Scout Tower |
| 11:05 | Scout Tower |
| 11:06 | Scout Tower |
| 11:06 | Scout Tower |
| 11:21 | Arcane Vault |
| 11:29 | Advanced Masonry |
| 11:42 | Guard Tower |
| 11:43 | Guard Tower |
| 11:56 | Boots of Speed |
| 11:57 | Staff of Teleportation |
| 12:01 | Bash |
| 12:16 | Holy Light |
| 12:25 | Guard Tower |
| 12:28 | Scout Tower |
| 12:28 | Scout Tower |
| 12:30 | Guard Tower |
| 12:40 | Orb of Fire |
| 12:40 | Staff of Sanctuary |
| 12:59 | Boots of Speed |
| 12:59 | Staff of Teleportation |
| 13:37 | Guard Tower |
| 13:43 | Guard Tower |
| 13:44 | Guard Tower |
| 14:05 | Imbued Masonry |
| 14:23 | Guard Tower |
| 14:25 | Scout Tower |
| 14:25 | Scout Tower |
| 14:26 | Scout Tower |
| 14:26 | Scout Tower |
| 14:27 | Scout Tower |
| 14:27 | Scout Tower |
| 14:40 | Orb of Fire |
| 14:40 | Staff of Sanctuary |
| 14:42 | Staff of Sanctuary |
| 15:05 | Guard Tower |
| 15:25 | Divine Shield |
| 16:24 | Lesser Clarity Potion |
| 16:45 | Brilliance Aura |
| 17:07 | Storm Bolt |
| 17:10 | Scout Tower |
| 17:11 | Scout Tower |
| 17:11 | Scout Tower |
| 17:12 | Scout Tower |
| 17:12 | Scout Tower |
| 17:13 | Scout Tower |
| 17:14 | Scout Tower |
| 17:14 | Scout Tower |
| 17:15 | Scout Tower |
| 17:26 | Guard Tower |
| 17:29 | Scout Tower |
| 17:30 | Scout Tower |
| 17:30 | Scout Tower |
| 17:31 | Scout Tower |
| 17:31 | Scout Tower |
| 17:32 | Scout Tower |
| 17:32 | Scout Tower |
| 17:33 | Scout Tower |
| 17:33 | Scout Tower |
| 18:03 | Guard Tower |
| 18:08 | Town Hall |
| 18:11 | Scout Tower |
| 18:12 | Scout Tower |
| 18:12 | Scout Tower |
| 18:13 | Scout Tower |
| 18:13 | Scout Tower |
| 18:14 | Scout Tower |
| 18:14 | Scout Tower |
| 18:15 | Scout Tower |
| 18:15 | Scout Tower |
| 18:16 | Scout Tower |
| 18:16 | Scout Tower |
| 18:17 | Scout Tower |
| 18:18 | Scout Tower |
| 18:18 | Scout Tower |
| 18:58 | Guard Tower |
| 18:58 | Guard Tower |
| 19:00 | Arcane Tower |
| 19:00 | Guard Tower |
| 19:11 | Guard Tower |
| 20:02 | Guard Tower |
| 20:03 | Guard Tower |
| 20:03 | Guard Tower |
| 20:06 | Scout Tower |
| 20:07 | Scout Tower |
| 20:07 | Scout Tower |
| 20:08 | Scout Tower |
| 20:10 | Holy Light |
| 20:22 | Guard Tower |
| 20:32 | Guard Tower |
| 20:49 | Guard Tower |
| 20:49 | Guard Tower |
| 21:55 | Guard Tower |
| 21:59 | Guard Tower |
| 23:37 | Bash |
| 24:59 | Divine Shield |
| 25:39 | Blizzard |
| 27:43 | Scout Tower |
| 27:44 | Scout Tower |
| 27:44 | Scout Tower |
| 27:45 | Scout Tower |
| 27:45 | Scout Tower |
| 27:46 | Scout Tower |
| 27:47 | Scout Tower |
| 27:47 | Scout Tower |
| 30:19 | Goblin Zeppelin |
| 30:34 | Arcane Tower |
| 30:35 | Arcane Tower |
| 30:35 | Arcane Tower |
| 30:39 | Guard Tower |
| Right click | 2633 |
| Select | 969 |
| Select group | 460 |
| Chat | 258 |
| Build/train/purchase | 183 |
| Use ability | 129 |
| Misc. action | 39 |
| Assign group | 26 |
| Item give/drop | 17 |
| Remove unit | 1 |